 Dungeon Crawl Stone Soup version 0.28.0-43-g3370ac3207 (webtiles) character file.

Game seed: 10533749573541348820

830 anonymouscript the Ruffian (level 7, -11/67 HPs)
             Began as a Troll Fighter on Mar 5, 2022.
             Mangled by a two-headed ogre
             ... wielding a +0 giant club
              (13 damage)
             ... on level 5 of the Dungeon.
             The game lasted 00:11:02 (3440 turns).

anonymouscript the Ruffian (Troll Fighter)          Turns: 3440, Time: 00:11:02

Health: -11/67     AC:  6    Str: 27    XL:     7   Next: 65%
Magic:  6/6        EV:  9    Int:  4    God:
Gold:   160        SH:  7    Dex:  9    Spells: 6/6 levels left

rFire   . . .      SeeInvis .   m - +2 dagger (protect)
rCold   . . .      Faith    .   b - +0 kite shield
rNeg    . . .      Spirit   .   a - +0 robe
rPois   .          Reflect  .   z - +2 hat
rElec   .          Harm     .   (no cloak)
rCorr   .          Rampage  .   (gloves unavailable)
Will    .....                   (boots unavailable)
Stlth   +.........              (no amulet)
HPRegen 1.01/turn               (no ring)
MPRegen 0.10/turn               (no ring)

@: mighty
A: large, unfitting armour, claws 3, regeneration 1, shaggy fur 1, tough skin 1
a: no special abilities


You were on level 5 of the Dungeon.
You visited 1 branch of the dungeon, and saw 5 of its levels.

You collected 173 gold pieces.
You spent 13 gold pieces at shops.

Inventory:

Hand Weapons
 m - a +2 dagger of protection (weapon)
 r - a +1 dagger of venom
 v - a +0 giant club
 y - a +3 quarterstaff of chaos
Missiles
 d - 13 poisoned darts (quivered)
 j - 211 stones
 u - 4 javelins
Armour
 a - a +0 robe (worn)
 b - a +0 kite shield (worn)
 z - a +2 hat (worn)
Magical Staves
 o - a staff of death
Jewellery
 A - a ring of ice
Wands
 t - a wand of flame (25)
Scrolls
 e - 4 scrolls of identify {unknown}
 f - 3 scrolls of teleportation {unknown}
 h - a scroll of enchant armour {unknown}
 i - 3 scrolls of holy word {unknown}
 k - 2 scrolls of summoning {unknown}
 p - a scroll of fog {unknown}
 s - a scroll of silence {unknown}
Potions
 c - a potion of might
 g - a potion of attraction {unknown}
 l - 2 potions of degeneration {unknown}
 n - 2 potions of resistance {unknown}
 q - 2 potions of flight {unknown}
 w - a potion of curing {unknown}
 x - 2 potions of lignification {unknown}


   Skills:
 + Level 3.4 Fighting
 + Level 1.2 Short Blades
 + Level 0.1 Throwing
 + Level 4.2 Dodging
 + Level 1.2 Stealth
 + Level 3.8 Shields
 + Level 5.2 Unarmed Combat


You had 6 spell levels left.
You didn't know any spells.
Your spell library contained the following spells:

 Spells                   Type           Power      Damage    Failure   Level
 Animate Skeleton         Necr           0%         N/A       80%         1
 Pain                     Necr           0%         1d4       80%         1
 Static Discharge         Conj/Air       0%         N/A       90%         2
 Stone Arrow              Conj/Erth      0%         3d7       99%         3
 Vampiric Draining        Necr           0%         2d6       99%         3
 Animate Armour           Summ/Erth      0%         N/A       100%        4
 Lightning Bolt           Conj/Air       0%         1d11      100%        5
 Lehudib's Crystal Spear  Conj/Erth      0%         10d2      100%        8
 Maxwell's Capacitive Co  Air            0%         ∞         100%        8


Dungeon Overview and Level Annotations

Branches:
Dungeon (5/15)
 Temple: D:4-7

Altars:

Shops:
D:2 **(   D:4 [


Innate Abilities, Weirdness & Mutations

You are too large for most types of armour.
You have claws for hands.
Your natural rate of healing is unusually fast.
You are covered in fur. (AC +1)
You have tough skin. (AC +1)


Message History

The centaur zombie is severely damaged.
The centaur zombie hits you. The centaur zombie kicks you.
You claw the centaur zombie!
You destroy the centaur zombie!
e - 4 scrolls labelled GUOFICO ROKLIA (gained 1)
Found a hand axe.
A two-headed ogre comes into view. It is wielding two +0 giant clubs.
Found a leather armour.
There are no items here.
Your +2 dagger of protection hums with potential!
m - a +2 dagger of protection (weapon)
The two-headed ogre shouts in stereo!
The two-headed ogre completely misses you.
You block the two-headed ogre's attack.
You hit the two-headed ogre.
Your weapon exudes an aura of protection.
The two-headed ogre is lightly wounded.
You hit the two-headed ogre.
The two-headed ogre is lightly wounded.
The two-headed ogre hits you with a +0 giant club.
You block the two-headed ogre's attack.
You hit the two-headed ogre.
The two-headed ogre is lightly wounded.
You block the two-headed ogre's attack.
The two-headed ogre hits you with a +0 giant club!
You hit the two-headed ogre but do no damage.
The two-headed ogre is lightly wounded.
The two-headed ogre hits you with a +0 giant club! x2
The two-headed ogre hits you with a +0 giant club!
The two-headed ogre hits you with a +0 giant club!!
* * * LOW HITPOINT WARNING * * *
You feel very mighty all of a sudden.
The two-headed ogre hits you with a +0 giant club.
* * * LOW HITPOINT WARNING * * *
You block the two-headed ogre's attack.
You barely miss the two-headed ogre.
The two-headed ogre hits you with a +0 giant club!
* * * LOW HITPOINT WARNING * * *
The two-headed ogre hits you with a +0 giant club!
You die...

##.#.##.....######...#.#..##.##
...#....#...# #.#.#.#### )..
####.......### #.#.#.### ####
......#.#....#####........
...##.#.#....##...........
.#.##......................
.#.###.......#......>..... ##.#
#.###...#.O.......... ...# #.#
#####..@<........ #..# #.#
##.......##.# #..###.#
#.......##.# .......#
#.......##.# .#.#####
#.......##<# .#.# ############
.#.# .#.. ###.


You could see a two-headed ogre.

Vanquished Creatures
  An ogre (D:4)
  2 phantoms
  A centaur (D:4)
  A water moccasin zombie (D:5)
  A centaur zombie (D:5)
  A gnoll shaman (D:4)
  2 hounds
  An orc priest (D:3)
  Crazy Yiuf (D:4)
  A jelly (D:4)
  A scorpion zombie (D:5)
  A hound skeleton (D:4)
  8 gnolls (D:4)
  6 adders
  2 worms (D:4)
  A dart slug (D:3)
  6 orcs
  5 bats
  7 endoplasms
  5 giant cockroaches
  10 goblins
  7 hobgoblins
  3 jackals (D:1)
  A quokka (D:4)
  6 ball pythons
  A frilled lizard (D:3)
  6 kobolds
  A quokka skeleton (D:4)
  4 rats
93 creatures vanquished.

Vanquished Creatures (others)
  A fungus (D:4)
1 creature vanquished.

Grand Total: 94 creatures vanquished

Notes
Turn   | Place    | Note
-------+----------+-------------------------------------------
     0 | D:1      | anonymouscript the Troll Fighter began the quest for the
                  | Orb.
     0 | D:1      | Reached XP level 1. HP: 22/22 MP: 0/0
    10 | D:1      | Noticed an electric eel
    99 | D:1      | Reached XP level 2. HP: 29/29 MP: 1/1
   564 | D:2      | Reached XP level 3. HP: 36/36 MP: 2/2
   568 | D:2      | Found Plog's Assorted Antiques.
   666 | D:2      | Found Mihi Xet's Weapon Shop.
   775 | D:2      | Found Saimit's General Store.
   784 | D:2      | Bought a scroll of noise for 13 gold pieces
   853 | D:3      | Reached XP level 4. HP: 31/44 MP: 3/3
   908 | D:3      | Reached skill level 3 in Unarmed Combat
  1529 | D:3      | Found a faded altar of an unknown god.
  1675 | D:4      | Noticed a phantom
  1705 | D:4      | Killed a phantom
  1706 | D:4      | Reached XP level 5. HP: 53/53 MP: 4/4
  1799 | D:4      | Reached skill level 4 in Unarmed Combat
  1881 | D:4      | Noticed a centaur
  1910 | D:4      | HP: 2/53 [centaur/arrow (7)]
  1911 | D:5      | Entered Level 5 of the Dungeon
  1988 | D:4      | Killed a centaur
  1989 | D:4      | Reached XP level 6. HP: 44/61 MP: 5/5
  2332 | D:4      | Found Taekko's Antique Armour Emporium.
  2490 | D:4      | Reached skill level 1 in Stealth
  2572 | D:4      | Reached XP level 7. HP: 33/67 MP: 6/6
  2887 | D:4      | Found a runed translucent door.
  2888 | D:4      | Noticed Crazy Yiuf
  2893 | D:4      | Killed Crazy Yiuf
  3239 | D:5      | Reached skill level 1 in Short Blades
  3239 | D:5      | Reached skill level 5 in Unarmed Combat
  3407 | D:5      | Noticed a two-headed ogre
  3440 | D:5      | HP: 2/67 [two-headed ogre/+0 giant club (9)]
  3440 | D:5      | Mangled by a two-headed ogre

Illustrated notes

Levels and vault maps discovered:
D:1:      arrival_aquarium_a, layout_basic, minivault_27
D:2:      layout_rooms, serial_shops, shop, nicolae_shop_advertising_works
          [nicolae_subvault_shop_adworks], shop_fountains,
          nicolae_shop_statue_plus, nicolae_shop_statue_plus, basic_altar
D:3:      minmay_diamond_boxcup, layout_basic,
          hellmonk_ecumenical_altar_lost_god, grunt_decor_fettered,
          nicolae_elevator_lobby_plus
D:4:      minmay_thinvault, layout_basic, serial_shops,
          nicolae_shop_hallway_stairs, st_stairs_13, uniq_crazy_yiuf_cottage
D:5:      layout_basic

Skill      XL: |  1  2  3  4  5  6  7 |
---------------+----------------------+-----
Unarmed Combat | 3 4 5 |  5.2
Shields        | 3 |  3.8
Fighting       | 3 |  3.4
Dodging        | 3 4 |  4.2
Stealth        | 1 |  1.2
Short Blades   | 1 |  1.2
Throwing       | |  0.1

Action                   |  1- 3 |  4- 6 |  7- 9 || total
-------------------------+-------+-------+-------++-------
Melee: Unarmed           |    84 |   121 |    42 ||   247
       Dagger            |       |    62 |    35 ||    97
Throw: Dart              |     3 |     1 |       ||     4
  Use: Potion            |       |       |     1 ||     1
 Stab: Sleeping          |       |     2 |     1 ||     3
Armor: Robe              |    36 |    55 |    24 ||   115
Dodge: Dodged            |    44 |    70 |    23 ||   137
Block: Kite shield       |    33 |    70 |    29 ||   132
